 Dungeon Crawl Stone Soup version 0.29.1 (webtiles) character file.

Game seed: 13255898237679640323

61 mtoz the Trooper (level 3, -2/34 HPs)
             Began as a Minotaur Fighter on Sept 13, 2022.
             Engulfed by a cloud of flame (14 damage)
             ... on level 3 of the Dungeon.
             The game lasted 00:05:14 (2466 turns).

mtoz the Trooper (Minotaur Fighter)                 Turns: 2466, Time: 00:05:15

Health: -2/34      AC: 13    Str: 22    XL:     3   Next: 83%
Magic:  2/2        EV:  6    Int:  5    God:
Gold:   217        SH:  4    Dex:  9    Spells: 2/2 levels left

rFire   . . .      SeeInvis .   a - +0 war axe
rCold   . . .      Faith    .   c - +0 buckler
rNeg    + . .      Spirit   .   v - +0 plate armour
rPois   .          Reflect  .   (helmet restricted)
rElec   .          Harm     .   o - +0 cloak
rCorr   .          Rampage  .   (no gloves)
Will    .....                   (no boots)
Stlth   ..........              (no amulet)
HPRegen 0.11/turn               m - ring of wizardry
MPRegen 0.08/turn               t - ring of positive energy

@: no status effects
A: horns 2, retaliatory headbutt
a: no special abilities


You were on level 3 of the Dungeon.
You visited 1 branch of the dungeon, and saw 3 of its levels.

You collected 217 gold pieces.

Inventory:

Hand Weapons
 a - a +0 war axe (weapon)
 s - a +0 flail
Armour
 b - a +0 scale mail
 c - a +0 buckler (worn)
 o - a +0 cloak (worn)
 v - a +0 plate armour (worn)
Jewellery
 m - a ring of wizardry (left hand)
 t - a ring of positive energy (right hand)
Scrolls
 e - 2 scrolls of fear {unknown}
 f - a scroll of acquirement {unknown}
 g - 2 scrolls of noise {unknown}
 h - a scroll of silence {unknown}
 i - a scroll of poison {unknown}
 l - a scroll of magic mapping {unknown}
 n - a scroll of teleportation {unknown}
 p - a scroll of enchant weapon {unknown}
Potions
 d - 2 potions of might
 j - a potion of heal wounds
 k - a potion of berserk rage
 q - a potion of curing {unknown}
 r - a potion of magic {unknown}
 u - a potion of lignification {unknown}
 w - a potion of cancellation {unknown}


   Skills:
 * Level 4.3 Fighting
 * Level 3.2 Axes
 * Level 4.1 Armour
 + Level 0.6 Dodging
 * Level 4.2 Shields


You had 2 spell levels left.
You didn't know any spells.
Your spell library contained the following spells:

 Spells                   Type           Power      Damage    Failure   Level
 Gell's Gravitas          Tloc           0%         N/A       100%        3
 Summon Guardian Golem    Hex/Summ       0%         N/A       100%        3
 Teleport Other           Tloc           0%         N/A       100%        3
 Dispersal                Tloc           0%         N/A       100%        6
 Orb of Destruction       Conj           0%         9d5       100%        7
 Spellforged Servitor     Conj/Summ      0%         N/A       100%        7


Dungeon Overview and Level Annotations

Branches:
Dungeon (3/15)

Altars:


Innate Abilities, Weirdness & Mutations

You have a pair of horns on your head.
You reflexively headbutt those who attack you in melee.


Message History

You hit the orc. The orc hits you but does no damage.
The orc hits you with a +0 mace.
You barely miss the orc. You headbutt the orc.
You kill the orc!
You hit the orc but do no damage. You block the orc's attack. x2
The orc hits you but does no damage.
You slash the orc!
You kill the orc!
You slash the orc!
You kill the orc!
No target in view!
No target in view!
You see here a +0 plate armour.
v - a +0 plate armour You start removing your armour.
You continue taking off your +0 scale mail. x4
You finish taking off your +0 scale mail.
You start putting on your armour.
You continue putting on your +0 plate armour. x5
You finish putting on your +0 plate armour.
Found a stone staircase leading up.
Found a leather armour.
Items here: ))) [ †.
No target in view!
w - a fizzy green potion You now have 202 gold pieces (gained 13).
You open the door.
There is an open door here.
Things that are here:
a +0 club; a +0 leather armour; an orc skeleton
Things that are here:
a +0 club; a +0 ring mail
g - 2 scrolls labelled JINIUKIAMA (gained 1)
You now have 217 gold pieces (gained 15).
Partly explored, can't reach some items and places.
Really walk into a travel-excluded area?
You are engulfed in blazing flames.
Ouch! That really hurt!
You are engulfed in blazing flames.
You die...

########.###.###...###.........##
#####.###.###...# #...#######
#..........#####...####
####..........# #§§°#
..............# #°§§#
####...^......# #§§§#
...+..........#####...######
####...........○○§.....§○..## #
#########...§@☼.).[..§§..# #####
####.#.§☼§.?$..)§°..### ....#
#.....#####...#####...# ....#
#.....# #§§§# ###.## ....#
#.....# #§☼§# ###..## ....#
#.....# #§°○# #...... ....#
#.....#####...## #....). ....#
#..............# #....). ....#
#..............# #......


There were no monsters in sight!

Vanquished Creatures
  2 dart slugs
  9 orcs (D:3)
  A giant cockroach (D:3)
  4 goblins
  3 hobgoblins
  6 jackals (D:3)
  3 quokkas
  3 ball pythons
  6 bats
  A frilled lizard (D:3)
  3 kobolds
  2 rats
43 creatures vanquished.

Vanquished Creatures (others)
  An orc (D:3)
  A jackal (D:3)
2 creatures vanquished.

Grand Total: 45 creatures vanquished

Notes
Turn   | Place    | Note
-------+----------+-------------------------------------------
     0 | D:1      | mtoz the Minotaur Fighter began the quest for the Orb.
     0 | D:1      | Reached XP level 1. HP: 19/19 MP: 0/0
   145 | D:1      | Reached XP level 2. HP: 17/27 MP: 1/1
  1767 | D:3      | Reached XP level 3. HP: 29/33 MP: 2/2
  2123 | D:3      | Found a faded altar of an unknown god.
  2466 | D:3      | Engulfed by a cloud of flame

Illustrated notes

Levels and vault maps discovered:
D:1:      wander_arrival_peaceful_grave, layout_basic
D:2:      layout_basic, st_stairs_8, feat_on_display
D:3:      layout_basic, dreamdust_ecumenical_altar_statues, lemuel_flame_loot_1

Skill      XL: |  1  2 |
---------------+-------+-----
Shields        | 4 |  4.2
Fighting       | 4 |  4.3
Axes           | 3 |  3.2
Armour         | 4 |  4.1
Dodging        | |  0.6

Action                   || total
-------------------------++-------
Melee: War axe           ||    96
       Headbutt          ||    13
  Use: Scroll            ||     2
Armor: Scale mail        ||    76
Dodge: Dodged            ||    59
Block: Buckler           ||    33
